 Dungeon Crawl Stone Soup version 0.28.0 (webtiles) character file.

Game seed: 6818235819549735050

232 Strat the Ruffian (level 5, -4/46 HPs)
             Began as a Troll Artificer on Feb 9, 2022.
             Slain by a killer bee (5 damage)
             ... on level 4 of the Dungeon.
             The game lasted 00:04:31 (772 turns).

Strat the Ruffian (Troll Artificer)                  Turns: 772, Time: 00:04:33

Health: -4/46      AC:  4    Str: 22    XL:     5   Next: 73%
Magic:  4/4        EV: 10    Int:  7    God:
Gold:   132        SH:  0    Dex: 10    Spells: 4/4 levels left

rFire   . . .      SeeInvis .     - Unarmed
rCold   . . .      Faith    .   (no shield)
rNeg    . . .      Spirit   .   l - +0 robe
rPois   .          Reflect  .   (helmet restricted)
rElec   .          Harm     .   (no cloak)
rCorr   .          Rampage  .   (gloves unavailable)
Will    .....                   (boots unavailable)
Stlth   +.........              (no amulet)
HPRegen 0.95/turn               (no ring)
MPRegen 0.09/turn               (no ring)

@: lethally poisoned (-4 -> -13)
A: large, unfitting armour, claws 3, regeneration 1, shaggy fur 1, tough skin 1
a: no special abilities


You were on level 4 of the Dungeon.
You visited 1 branch of the dungeon, and saw 3 of its levels.

You collected 132 gold pieces.

Inventory:

Hand Weapons
 b - a +0 hunting sling
Missiles
 a - 33 stones
 g - 5 poisoned darts
Armour
 l - a +0 robe (worn)
Wands
 c - a wand of flame (15) (quivered)
 d - a wand of charming (15)
Scrolls
 f - a scroll of holy word {unknown}
 h - a scroll of identify
Potions
 i - 2 potions of flight
 j - a potion of degeneration {unknown}
 k - a potion of brilliance {unknown}
Miscellaneous
 e - a piece from Xom's chessboard (15/15)


   Skills:
 - Level 0.7 Fighting
 - Level 1.9 Dodging
 - Level 0.3 Stealth
 + Level 5.6 Unarmed Combat
 - Level 2.1 Evocations


You had 4 spell levels left.
You didn't know any spells.
Your spell library contained the following spells:

 Spells                   Type           Power      Damage    Failure   Level
 Stone Arrow              Conj/Erth      0%         3d7       80%         3
 Animate Armour           Summ/Erth      0%         N/A       99%         4
 Lehudib's Crystal Spear  Conj/Erth      0%         10d2      100%        8


Dungeon Overview and Level Annotations

Branches:
Dungeon (2/15)

Altars:
Gozag


Innate Abilities, Weirdness & Mutations

You are too large for most types of armour.
You have claws for hands.
Your natural rate of healing is unusually fast.
You are covered in fur. (AC +1)
You have tough skin. (AC +1)


Message History

The killer bee buzzes angrily.
Your claw misses the killer bee. The killer bee barely misses you.
The killer bee closely misses you.
You scratch the killer bee.
The killer bee is moderately wounded.
The killer bee stings you.
* * * LOW HITPOINT WARNING * * *
The killer bee stings you.
* * * LOW HITPOINT WARNING * * *
The killer bee stings you but does no damage.
The killer bee stings you.
* * * LOW HITPOINT WARNING * * *
You claw the killer bee!
You kill the killer bee!
The killer bee stings you.
* * * LOW HITPOINT WARNING * * *
You are poisoned.
The killer bee poisons you!
The killer bee stings you but does no damage.
The killer bee barely misses you.
You claw the killer bee!
The killer bee is almost dead.
You feel sick. The killer bee barely misses you.
The killer bee completely misses you.
The killer bee stings you but does no damage.
The killer bee barely misses you. The killer bee completely misses you.
The killer bee closely misses you.
You miss the killer bee.
The killer bee is almost dead.
You feel sick. The killer bee stings you.
* * * LOW HITPOINT WARNING * * *
You are lethally poisoned!
The killer bee poisons you! The killer bee stings you.
* * * LOW HITPOINT WARNING * * *
The killer bee stings you.
* * * LOW HITPOINT WARNING * * *
The killer bee stings you.
* * * LOW HITPOINT WARNING * * *
The killer bee stings you.
You die...

.... ...#
##....####...#
.... ...# #....#
#... ..## ....#
#....# ..# .#
##...##....###.#
. ##....##.....#
#...#####..##
##..# ##....#
##...####...##..#
.......@y...# .#
......yy###.# #
.......g.#..#
...........y#
#...........#
##..........#
..###.
##.........#
......
................#
..... #....
.........[##


You could see 3 killer bees and a hobgoblin.

Vanquished Creatures
  2 killer bees (D:4)
  An iguana (D:4)
  A bullfrog skeleton (D:4)
  2 gnolls (D:4)
  3 adders (D:4)
  An adder skeleton (D:4)
  A worm (D:2)
  3 dart slugs
  A bat (D:2)
  3 endoplasms
  2 giant cockroaches
  3 goblins
  2 hobgoblins
  2 jackals (D:1)
  A quokka (D:2)
  A ball python (D:1)
  2 frilled lizards
  2 kobolds
  A rat (D:1)
34 creatures vanquished.

Notes
Turn   | Place    | Note
-------+----------+-------------------------------------------
     0 | D:1      | Strat the Troll Artificer began the quest for the Orb.
     0 | D:1      | Reached XP level 1. HP: 18/18 MP: 0/0
     8 | D:1      | Found a faded altar of an unknown god.
    43 | D:1      | Reached skill level 1 in Unarmed Combat
    77 | D:1      | Reached XP level 2. HP: 12/26 MP: 1/1
   114 | D:1      | Reached skill level 2 in Unarmed Combat
   253 | D:2      | You fall into a shaft and drop 2 floors!
   297 | D:4      | Reached XP level 3. HP: 30/32 MP: 2/2
   358 | D:4      | Reached skill level 3 in Unarmed Combat
   399 | D:4      | Reached XP level 4. HP: 6/40 MP: 3/3
   475 | D:4      | Reached skill level 4 in Unarmed Combat
   624 | D:4      | Found an opulent altar of Gozag.
   637 | D:4      | Reached skill level 5 in Unarmed Combat
   637 | D:4      | Reached XP level 5. HP: 25/46 MP: 4/4
   772 | D:4      | HP: 1/46 [killer bee (3)]
   772 | D:4      | Slain by a killer bee

Illustrated notes

Levels and vault maps discovered:
D:1:      minmay_arrival_checkered_box, layout_basic,
          hellmonk_ecumenical_altar_crossroads
D:2:      layout_rooms
D:4:      layout_layer_cave, nicolae_gozag_cash_rules_everything_around_me

Skill      XL: |  1  2  3  4 |
---------------+-------------+-----
Unarmed Combat | 1 2 3 5 |  5.6
Fighting       | |  0.7
Dodging        | |  1.9
Stealth        | |  0.3
Evocations     | |  2.1

Action                   |  1- 3 |  4- 6 || total
-------------------------+-------+-------++-------
Melee: Unarmed           |    80 |    43 ||   123
       Punch             |     1 |       ||     1
 Fire: Hunting sling     |       |     3 ||     3
  Use: Scroll            |     3 |       ||     3
Armor: Robe              |    15 |     8 ||    23
Dodge: Dodged            |    35 |    35 ||    70
